 Dungeon Crawl Stone Soup version 0.18.1-1-g2f07953 (webtiles) character file.

4518 aurelian the Grappler (level 10, -3/96 HPs)
             Began as a Troll Skald on May 20, 2016.
             Was an Elder of Cheibriados.
             Slain by a white ugly thing (25 damage)
             ... on level 9 of the Dungeon.
             The game lasted 00:18:05 (6538 turns).

aurelian the Grappler (Troll Skald)                 Turns: 6538, Time: 00:18:05

Health: -3/96      AC:  6    Str: 31    XL:     10   Next: 17%
Magic:  12/12      EV: 12    Int: 17    God:    Cheibriados [****..]
Gold:   365        SH: 13    Dex: 21    Spells: 1 memorised, 10 levels left

rFire  + . .     SeeInvis .       - Unarmed
rCold  . . .     Gourm    +     m - +0 robe
rNeg   + . .     Faith    .     F - +2 shield
rPois  .         Spirit   .     (helmet restricted)
rElec  .         Dismiss  .     C - +0 cloak
rCorr  .         Reflect  .     (gloves unavailable)
SustAt .         Harm     .     (boots unavailable)
MR     .....                    e - amulet of magic regeneration
Stlth  ++........               L - ring of positive energy
                                x - ring of protection from fire

@: very slow, not resistant to hostile enchantments, unstealthy
A: unfitting armour, claws 3, fast metabolism 3, gourmand, regeneration 2,
shaggy fur 1, tough skin 2
a: Bend Time, Temporal Distortion, Slouch, Renounce Religion


You were on level 9 of the Dungeon.
You worshipped Cheibriados.
Cheibriados was greatly pleased with you.
You were completely stuffed.

You visited 2 branches of the dungeon, and saw 10 of its levels.

You collected 365 gold pieces.

Inventory:

Hand Weapons
 a - a +1 hunting sling
Missiles
 f - 379 stones (quivered)
 N - 18 sling bullets
Armour
 m - a +0 robe (worn)
 C - a +0 cloak (worn)
 F - a +2 shield (worn)
Jewellery
 e - an amulet of magic regeneration (around neck)
 j - an uncursed ring of sustain attributes
 u - an uncursed ring of magical power
 x - a ring of protection from fire (left claw)
 G - an uncursed ring of ice
 L - a ring of positive energy (right claw)
Wands
 i - a wand of lightning (1/15)
Scrolls
 l - a scroll of magic mapping
 o - a scroll of amnesia
 p - 5 scrolls of remove curse
 t - 2 scrolls of recharging
 y - 4 scrolls of enchant armour
 z - 3 scrolls of fear
Potions
 d - 3 potions of mutation
 h - 2 potions of ambrosia {unknown}
 k - a potion of lignification {unknown}
 q - 3 potions of curing
 s - 2 potions of flight {unknown}
 A - 2 potions of invisibility
 D - 3 potions of heal wounds
 H - a potion of might {unknown}
 J - a potion of berserk rage {unknown}
 K - a potion of agility {unknown}
 M - 2 potions of brilliance
 O - a potion of cancellation {unknown}
Books
 b - a book of Battle

   Spells                             Type                      Level
   a - Infusion                       Charms                       1
   b - Shroud of Golubria             Charms/Translocation         2
   c - Song of Slaying                Charms                       2
   d - Spectral Weapon                Hexes/Charms                 3
   e - Regeneration                   Charms/Necromancy            3
Comestibles
 c - 8 bread rations
 g - a fruit
 n - 8 meat rations
 r - 4 chunks of flesh
 E - 3 beef jerkies


   Skills:
 + Level 5.1 Fighting
 + Level 5.0 Dodging
 + Level 4.0 Shields
 * Level 10.2 Unarmed Combat
 - Level 1.2 Spellcasting
 - Level 2.0 Charms
 + Level 4.4 Invocations


You had 10 spell levels left.
You knew the following spells:

 Your Spells              Type           Power        Failure   Level  Hunger
a - Infusion              Chrm           #...         30%         1    ##.....


Dungeon Overview and Level Annotations

Branches:
Dungeon (9/15)             Temple (1/1) D:5            Lair (0/8) D:8
    Orc: D:9-12

Altars:
Ashenzari
Cheibriados
Dithmenos
Elyvilon
Fedhas
Gozag
Kikubaaqudgha
Makhleb
Nemelex Xobeh
Okawaru
Pakellas
Qazlal
Ru
Sif Muna
Trog
Vehumet
Xom
Yredelemnul
Zin
The Shining One


Innate Abilities, Weirdness & Mutations

You are too large for most types of armour.
You have claws for hands.
Your metabolism is lightning-fast.
You like to eat raw meat.
You heal very quickly.
You are covered in fur (AC +1).
You have very tough skin (AC +2).


Message History

The white ugly thing is severely wounded.
You block the white ugly thing's attack.
You barely miss the white ugly thing.
The white ugly thing is severely wounded.
You block the white ugly thing's attack.
You closely miss the white ugly thing.
The white ugly thing is severely wounded.
You block the white ugly thing's attack.
You scratch the white ugly thing but do no damage.
The white ugly thing is severely wounded.
The white ugly thing stings you! The white ugly thing freezes you!!
You closely miss the white ugly thing.
The white ugly thing is severely wounded.
You block the white ugly thing's attack.
You barely miss the white ugly thing.
The white ugly thing is severely wounded.
The white ugly thing stings you!
* * * LOW HITPOINT WARNING * * *
The white ugly thing freezes you!!
You die...

#.....# . #.....# .. .....#
..############....#
.............#....###
.............#......#
......)..)...#......+
.............#..@u..# ...
.............##'##..# ...
#......#####.....# +## ....
+......# #.....# .#.....
#......# #.....# .#.....
#......# #.....# .......
#......#####.....###.......
......##..######....†#
......#...<....#.....#


You could see a white ugly thing.

Vanquished Creatures
  A polar bear (D:8)
  2 yaks (D:8)
  A wyvern (D:8)
  A hippogriff (D:7)
  A phantom (D:7)
  3 ice beasts (D:8)
  2 sky beasts
  A wolf (D:8)
  5 centaurs
  4 ogres
  A crocodile (D:8)
  13 big kobolds (D:8)
  5 giant frogs
  A scorpion (D:9)
  5 killer bees
  A howler monkey (D:5)
  A centaur zombie (D:5)
  2 jellies (D:7)
  3 hounds
  A giant frog zombie (D:5)
  An orc priest (D:4)
  5 orc wizards
  A centaur skeleton (D:4)
  A gnoll shaman (D:8)
  An iguana (D:7)
  A worker ant (D:7)
  Ijyb (D:2)
  A hound zombie (D:7)
  A hound skeleton (D:8)
  Robin (D:2)
  7 gnolls
  7 adders
  2 shadow imps
  3 white imps (D:8)
  An ufetubus (D:8)
  An ooze (D:1)
  4 worms
  2 dart slugs
  2 giant geckos (D:7)
  15 orcs
  2 bats (D:2)
  3 giant cockroaches
  13 goblins
  6 hobgoblins
  10 jackals
  15 kobolds
  2 quokkas (D:2)
  A giant gecko skeleton (D:7)
  4 giant newts
  A jackal skeleton (D:6)
  A quokka skeleton (D:7)
  8 rats
178 creatures vanquished.

Vanquished Creatures (others)
  5 fungi (D:8)
5 creatures vanquished.

Grand Total: 183 creatures vanquished

Notes
Turn   | Place    | Note
--------------------------------------------------------------
     0 | D:1      | aurelian the Troll Skald began the quest for the Orb.
     0 | D:1      | Reached XP level 1. HP: 19/19 MP: 1/1
   270 | D:1      | Reached XP level 2. HP: 18/27 MP: 2/2
   310 | D:1      | Reached skill level 3 in Unarmed Combat
   915 | D:2      | Noticed Robin
   926 | D:2      | Killed Robin
   926 | D:2      | Reached XP level 3. HP: 24/33 MP: 3/3
  1015 | D:2      | Reached skill level 4 in Unarmed Combat
  1269 | D:2      | Noticed Ijyb
  1269 | D:2      | Reached XP level 4. HP: 41/41 MP: 4/4
  1284 | D:2      | Killed Ijyb
  1630 | D:3      | Reached skill level 5 in Unarmed Combat
  1699 | D:3      | Found a sparkling altar of Nemelex Xobeh.
  1878 | D:3      | Found a faded altar to an unknown god.
  1930 | D:4      | Noticed an ogre
  2000 | D:4      | Reached XP level 5. HP: 43/48 MP: 5/5
  2001 | D:4      | Found a shattered altar of Ashenzari.
  2106 | D:4      | Killed an ogre
  2117 | D:4      | Reached XP level 6. HP: 36/57 MP: 6/6
  2182 | D:4      | Found an ancient bone altar of Kikubaaqudgha.
  2189 | D:4      | Found a deep blue altar of Sif Muna.
  2193 | D:4      | Found a radiant altar of Vehumet.
  2197 | D:4      | Identified Vehumet's Compendium of Blows and Bruises
  2433 | D:4      | Found a shadowy altar of Dithmenos.
  2624 | D:4      | Reached skill level 6 in Unarmed Combat
  2755 | D:5      | Entered Level 5 of the Dungeon
  2890 | D:5      | Reached XP level 7. HP: 58/66 MP: 7/7
  3094 | D:5      | Reached skill level 7 in Unarmed Combat
  3305 | D:5      | Found a staircase to the Ecumenical Temple.
  3315 | Temple   | Entered the Ecumenical Temple
  3428 | Temple   | Became a worshipper of Cheibriados the Contemplative
  3536 | D:6      | Reached skill level 1 in Invocations
  3549 | D:6      | Found a shadowy altar of Dithmenos.
  3657 | D:6      | Found a sacrificial altar of Ru.
  3930 | D:6      | Reached skill level 1 in Shields
  3930 | D:6      | Reached XP level 8. HP: 69/75 MP: 8/8
  4024 | D:6      | Reached * piety under Cheibriados
  4200 | D:6      | Found a bloodstained altar of Trog.
  4224 | D:6      | Found an iron altar of Okawaru.
  4458 | D:7      | Reached skill level 8 in Unarmed Combat
  4641 | D:7      | Found a shimmering altar of Xom.
  4659 | D:7      | Reached ** piety under Cheibriados
  4693 | D:7      | Reached XP level 9. HP: 79/84 MP: 10/10
  4938 | D:7      | Noticed a blizzard demon
  4939 | D:7      | Found a burning altar of Makhleb.
  4942 | D:7      | Found a glowing silver altar of Zin.
  4942 | D:7      | Noticed an angel
  5167 | D:8      | Found a staircase to the Lair.
  5258 | D:8      | Noticed a polar bear
  5269 | D:8      | Killed a polar bear
  5269 | D:8      | Reached skill level 9 in Unarmed Combat
  5654 | D:8      | Reached *** piety under Cheibriados
  5906 | D:8      | Found a basalt altar of Yredelemnul.
  5906 | D:8      | Found a glowing golden altar of the Shining One.
  6151 | D:8      | Noticed an angel
  6167 | D:8      | Reached **** piety under Cheibriados
  6171 | D:8      | Reached skill level 5 in Fighting
  6171 | D:8      | Reached XP level 10. HP: 87/96 MP: 12/12
  6201 | D:8      | Reached skill level 10 in Unarmed Combat
  6209 | D:8      | Reached skill level 5 in Dodging
  6323 | D:8      | Noticed a profane servitor
  6520 | D:9      | Noticed a white ugly thing
  6538 | D:9      | Slain by a white ugly thing

Skill      XL: |  1  2  3  4  5  6  7  8  9 10 |
---------------+-------------------------------+-----
Unarmed Combat | 3 4 5 6 7 8 9 10 | 10.2
Fighting       | 2 3 4 5 |  5.1
Dodging        | 2 3 4 5 |  5.0
Invocations    | 1 2 4 |  4.4
Shields        | 1 2 3 4 |  4.0
Spellcasting   | |  1.2
Charms         | |  2.0

Action                   |  1- 3 |  4- 6 |  7- 9 | 10-12 || total
-------------------------+-------+-------+-------+-------++-------
Melee: Unarmed           |    87 |   124 |   304 |    43 ||   558
       Punch             |       |     1 |       |       ||     1
 Fire: Hunting sling     |       |     9 |    30 |       ||    39
  Use: Scroll            |       |     6 |    14 |       ||    20
       Potion            |       |       |     4 |       ||     4
 Stab: Sleeping          |     1 |       |     1 |       ||     2
  Eat: Chunk             |    15 |    15 |    17 |     9 ||    56
       Fruit             |     2 |       |       |       ||     2
Armor: Robe              |    26 |    31 |    78 |     9 ||   144
Dodge: Dodged            |    30 |    52 |   115 |    11 ||   208
Block: Shield            |       |       |   189 |    27 ||   216
